| TOP OF THE 1ST |
|
San Diego Padres batting - Pitching for Pittsburgh Pirates : LHP John Tudor
|
|
Pitching: LHP John Tudor
|
|
|
Batting: RHB Dennis Dungy
|
0-0: SINGLE (Line Drive, 89S, EV 98.8 MPH)
|
|
Batting: RHB Bob Dernier
|
0-0: Ball 1-0: Ball 2-0: Ball 3-0: Called Strike 3-1: Called Strike 3-2: DOUBLE (Line Drive, 7LM, EV 91.3 MPH) Dennis Dungy to third Dennis Dungy scores
|
|
Batting: RHB Joel Youngblood
|
0-0: Ground out 4-3 (Groundball, 4, EV 82.5 MPH) Bob Dernier to third
|
|
Batting: RHB Eddy Martinez
|
0-0: Ball 1-0: Ball 2-0: Ball 3-0: Called Strike 3-1: Foul Ball, location: 2F 3-2: Foul Ball, location: 2F 3-2: Foul Ball, location: 2F 3-2: SINGLE (Line Drive, 7S, EV 107.5 MPH) Bob Dernier scores
|
|
Batting: RHB Heriberto Soltero
|
0-0: Ball 1-0: Fly out, F7 (Flyball, 78D, EV 99.4 MPH)
|
|
Batting: LHB Tom Dunbar
|
0-0: Ball 1-0: Fly out, F5 (Popup, 5SF, EV 87.5 MPH)
|
| Top of the 1st over - 2 runs, 3 hits, 0 errors, 1 left on base; San Diego 2 - Pittsburgh 0 |
| BOTTOM OF THE 1ST |
|
Pittsburgh Pirates batting - Pitching for San Diego Padres : RHP Tony Archuleta
|
|
Pitching: RHP Tony Archuleta
|
|
|
Batting: RHB Dan Gladden
|
0-0: Foul Ball, location: 2F 0-1: Bunt for hit to P - play at first, batter OUT! 1-3
|
|
Batting: LHB Terry Whitfield
|
0-0: Ball 1-0: Foul Ball, location: 2F 1-1: Ball 2-1: Foul Ball, location: 2F 2-2: DOUBLE (Line Drive, 7LM, EV 110.6 MPH)
|
|
Batting: RHB Rennie Stennett
|
0-0: Ball 1-0: Foul Ball, location: 2F 1-1: Called Strike 1-2: SINGLE (Groundball, 56D, EV 95.6 MPH) Terry Whitfield to third Runner from 3rd tries for Home, SAFE, throw by LF to home Rennie Stennett to second
|
|
Batting: LHB Robert Lopez
|
0-0: Called Strike 0-1: Ball 1-1: Ball 2-1: Ball 3-1: Fly out, F7 (Flyball, 78D, EV 83.8 MPH) Runner from 2nd tags up, SAFE at 3rd with throw by LF
|
|
Batting: LHB Greg Walker
|
0-0: Foul Ball, location: 2F 0-1: Hit by Pitch
|
|
Batting: SHB John Shelby
|
0-0: Fly out, F8 (Flyball, 8LD, EV 96.3 MPH)
|
| Bottom of the 1st over - 1 run, 2 hits, 0 errors, 2 left on base; San Diego 2 - Pittsburgh 1 |
| TOP OF THE 2ND |
|
San Diego Padres batting - Pitching for Pittsburgh Pirates : LHP John Tudor
|
|
Batting: RHB Kelvin Moore
|
0-0: Called Strike 0-1: Called Strike 0-2: Ball 1-2: Ball 2-2: SOLO HOME RUN (Flyball, 7LD, EV 91.3 MPH), Distance : 370 ft
|
|
Batting: LHB Jeffrey Zitek
|
0-0: Ball 1-0: Fly out, F8 (Flyball, 8LD, EV 91.9 MPH)
|
|
Batting: LHB Tony Archuleta
|
0-0: Called Strike 0-1: Foul Ball, location: 2F 0-2: Foul Ball, location: 2F 0-2: Ground out 4-3 (Groundball, 4, EV 103.8 MPH)
|
|
Batting: RHB Dennis Dungy
|
0-0: Foul Ball, location: 2F 0-1: Ball 1-1: Ball 2-1: Called Strike 2-2: Ball 3-2: Foul Ball, location: 2F 3-2: Base on Balls
|
|
Batting: RHB Bob Dernier
|
0-0: Ball 1-0: SINGLE (Line Drive, 89M, EV 105.0 MPH) Dennis Dungy to second Runner from 2nd tries for 3rd, SAFE, throw by CF made to third
|
|
Batting: RHB Joel Youngblood
|
0-0: Foul Ball, location: 2F 0-1: SINGLE (Line Drive, 9S, EV 91.9 MPH) Dennis Dungy scores Bob Dernier to second Runner from 2nd tries for 3rd, SAFE, throw by RF made to third
|
|
Batting: RHB Eddy Martinez
|
0-0: Ball 1-0: Ball 2-0: DOUBLE (Flyball, 89XD, EV 98.1 MPH) Bob Dernier scores Joel Youngblood to third Runner from 3rd tries for Home, SAFE, no throw by RF
|
|
Pitching: RHP Jose Vasquez
|
|
|
Batting: RHB Heriberto Soltero
|
0-0: Ball 1-0: Called Strike 1-1: Called Strike 1-2: Ball 2-2: Ball 3-2: Foul Ball, location: 2F 3-2: Foul Ball, location: 2F 3-2: Strikes out swinging
|
| Top of the 2nd over - 4 runs, 4 hits, 0 errors, 1 left on base; San Diego 6 - Pittsburgh 1 |
| BOTTOM OF THE 2ND |
|
Pittsburgh Pirates batting - Pitching for San Diego Padres : RHP Tony Archuleta
|
|
Batting: SHB Ron Oester
|
0-0: Called Strike 0-1: Swinging Strike 0-2: Ball 1-2: Fly out, F8 (Line Drive, 8LD, EV 90.6 MPH)
|
|
Batting: RHB Frank Hunsaker
|
0-0: Called Strike 0-1: Foul Ball, location: 2F 0-2: Strikes out swinging
|
|
Batting: RHB Jose Vasquez
|
0-0: Ground out 6-3 (Groundball, 6, EV 100.6 MPH)
|
| Bottom of the 2nd over - 0 runs, 0 hits, 0 errors, 0 left on base; San Diego 6 - Pittsburgh 1 |
| TOP OF THE 3RD |
|
San Diego Padres batting - Pitching for Pittsburgh Pirates : RHP Jose Vasquez
|
|
Batting: LHB Tom Dunbar
|
0-0: Ball 1-0: Fly out, F9 (Flyball, 89M, EV 90.0 MPH)
|
|
Batting: RHB Kelvin Moore
|
0-0: Ball 1-0: Swinging Strike 1-1: Foul Ball, location: 2F 1-2: Strikes out looking
|
|
Batting: LHB Jeffrey Zitek
|
0-0: Called Strike 0-1: Foul Ball, location: 2F 0-2: Strikes out swinging
|
| Top of the 3rd over - 0 runs, 0 hits, 0 errors, 0 left on base; San Diego 6 - Pittsburgh 1 |
| BOTTOM OF THE 3RD |
|
Pittsburgh Pirates batting - Pitching for San Diego Padres : RHP Tony Archuleta
|
|
Batting: RHB Dan Gladden
|
0-0: Called Strike 0-1: Foul Ball, location: 2F 0-2: Ball 1-2: Ball 2-2: Foul Ball, location: 2F 2-2: Fly out, F7 (Flyball, 7LS, EV 88.1 MPH)
|
|
Batting: LHB Terry Whitfield
|
0-0: Ball 1-0: Ball 2-0: Called Strike 2-1: SINGLE (Groundball, 4MD, EV 106.3 MPH)
|
|
Batting: RHB Rennie Stennett
|
0-0: Ball 1-0: Called Strike Terry Whitfield steals 2nd base (no throw) 1-1: Ball 2-1: 2-RUN HOME RUN (Flyball, 7LD, EV 98.1 MPH), Distance : 363 ft
|
|
Batting: LHB Robert Lopez
|
0-0: Fly out, F2 (Popup, 2LF, EV 90.6 MPH)
|
|
Batting: LHB Greg Walker
|
0-0: Ball 1-0: Ground out 4-3 (Groundball, 4M, EV 101.9 MPH)
|
| Bottom of the 3rd over - 2 runs, 2 hits, 0 errors, 0 left on base; San Diego 6 - Pittsburgh 3 |
| TOP OF THE 4TH |
|
San Diego Padres batting - Pitching for Pittsburgh Pirates : RHP Jose Vasquez
|
|
Batting: LHB Tony Archuleta
|
0-0: Ball 1-0: Swinging Strike 1-1: Swinging Strike 1-2: Ball 2-2: Foul Ball, location: 2F 2-2: Fly out, F7 (Flyball, 7LD, EV 103.1 MPH)
|
|
Batting: RHB Dennis Dungy
|
0-0: Foul Ball, location: 2F 0-1: SINGLE (Groundball, 4MD, EV 97.5 MPH)
|
|
Batting: RHB Bob Dernier
|
0-0: SINGLE (Groundball, 6MD, EV 110.0 MPH) (infield hit) Dennis Dungy to second
|
|
Batting: RHB Joel Youngblood
|
0-0: Called Strike 0-1: Ball 1-1: Swinging Strike 1-2: Fly out, F2 (Popup, 25F, EV 85.0 MPH)
|
|
Batting: RHB Eddy Martinez
|
0-0: Fly out, F7 (Flyball, 7, EV 94.4 MPH)
|
| Top of the 4th over - 0 runs, 2 hits, 0 errors, 2 left on base; San Diego 6 - Pittsburgh 3 |
| BOTTOM OF THE 4TH |
|
Pittsburgh Pirates batting - Pitching for San Diego Padres : RHP Tony Archuleta
|
|
Batting: SHB John Shelby
|
0-0: Foul Ball, location: 2F 0-1: Ball 1-1: Foul Ball, location: 2F 1-2: Strikes out swinging
|
|
Batting: SHB Ron Oester
|
0-0: Ball 1-0: Ball 2-0: SINGLE (Line Drive, 56D, EV 99.4 MPH)
|
|
Batting: RHB Frank Hunsaker
|
0-0: Called Strike 0-1: Foul Ball, location: 2F 0-2: Ball 1-2: Strikes out swinging
|
|
Batting: RHB Jose Vasquez
|
0-0: Called Strike 0-1: Foul Ball, location: 2F 0-2: Foul Ball, location: 2F 0-2: Ground out U3 (Groundball, 3L, EV 84.4 MPH)
|
| Bottom of the 4th over - 0 runs, 1 hit, 0 errors, 1 left on base; San Diego 6 - Pittsburgh 3 |
| TOP OF THE 5TH |
|
San Diego Padres batting - Pitching for Pittsburgh Pirates : RHP Jose Vasquez
|
|
Batting: RHB Heriberto Soltero
|
0-0: Ball 1-0: Ball 2-0: Ball 3-0: Called Strike 3-1: Foul Ball, location: 2F 3-2: Strikes out swinging
|
|
Batting: LHB Tom Dunbar
|
0-0: Ground out U3 (Groundball, 3, EV 88.1 MPH)
|
|
Batting: RHB Kelvin Moore
|
0-0: Ground out 4-3 (Groundball, 4MD, EV 85.6 MPH)
|
| Top of the 5th over - 0 runs, 0 hits, 0 errors, 0 left on base; San Diego 6 - Pittsburgh 3 |
| BOTTOM OF THE 5TH |
|
Pittsburgh Pirates batting - Pitching for San Diego Padres : RHP Tony Archuleta
|
|
Batting: RHB Dan Gladden
|
0-0: Ball 1-0: Foul Ball, location: 2F 1-1: Fly out, F7 (Flyball, 7LD, EV 101.3 MPH)
|
|
Batting: LHB Terry Whitfield
|
0-0: Called Strike 0-1: Foul Ball, location: 2F 0-2: Foul Ball, location: 2F 0-2: Foul Ball, location: 2F 0-2: Foul Ball, location: 2F 0-2: Fly out, F5 (Popup, 25F, EV 83.8 MPH)
|
|
Batting: RHB Rennie Stennett
|
0-0: Called Strike 0-1: Hit by Pitch
|
|
Batting: LHB Robert Lopez
|
0-0: Ball Rennie Stennett steals 2nd base 1-0: Fly out, F7 (Flyball, 7, EV 86.9 MPH)
|
| Bottom of the 5th over - 0 runs, 0 hits, 0 errors, 1 left on base; San Diego 6 - Pittsburgh 3 |
| TOP OF THE 6TH |
|
San Diego Padres batting - Pitching for Pittsburgh Pirates : RHP Jose Vasquez
|
|
Batting: LHB Jeffrey Zitek
|
0-0: Ball 1-0: Ball 2-0: Ball 3-0: Called Strike 3-1: Foul Ball, location: 2F 3-2: Strikes out swinging
|
|
Batting: LHB Tony Archuleta
|
0-0: Ball 1-0: Foul Ball, location: 2F 1-1: Ball 2-1: Called Strike 2-2: Foul Ball, location: 2F 2-2: Strikes out looking
|
|
Batting: RHB Dennis Dungy
|
0-0: Ball 1-0: Fly out, F8 (Flyball, 78D, EV 106.9 MPH)
|
| Top of the 6th over - 0 runs, 0 hits, 0 errors, 0 left on base; San Diego 6 - Pittsburgh 3 |
| BOTTOM OF THE 6TH |
|
Pittsburgh Pirates batting - Pitching for San Diego Padres : RHP Tony Archuleta
|
|
Batting: LHB Greg Walker
|
0-0: Fly out, F5 (Popup, 5SF, EV 73.8 MPH)
|
|
Batting: SHB John Shelby
|
0-0: Called Strike 0-1: Called Strike 0-2: Ground out 4-3 (Groundball, 4, EV 108.1 MPH)
|
|
Batting: SHB Ron Oester
|
0-0: Ball 1-0: Foul Ball, location: 2F 1-1: Ground out 5-3 (Groundball, 56S, EV 86.3 MPH)
|
| Bottom of the 6th over - 0 runs, 0 hits, 0 errors, 0 left on base; San Diego 6 - Pittsburgh 3 |
| TOP OF THE 7TH |
|
San Diego Padres batting - Pitching for Pittsburgh Pirates : RHP Jose Vasquez
|
|
Batting: RHB Bob Dernier
|
0-0: Ball 1-0: Ground out 6-3 (Groundball, 6, EV 85.6 MPH)
|
|
Batting: RHB Joel Youngblood
|
0-0: Ball 1-0: Foul Ball, location: 2F 1-1: SINGLE (Groundball, 25, EV 70.0 MPH) (infield hit)
|
|
Batting: RHB Eddy Martinez
|
0-0: Ball 1-0: Fly out, F9 (Flyball, 9LD, EV 80.6 MPH)
|
|
Pitching: RHP Timnothy Milner
|
|
|
Batting: RHB Heriberto Soltero
|
0-0: Called Strike 0-1: Called Strike Joel Youngblood steals 2nd, throwing error, E2 Joel Youngblood to third 0-2: Ball 1-2: Hit by Pitch
|
|
Batting: LHB Tom Dunbar
|
0-0: Ball 1-0: SINGLE (Groundball, 4M, EV 86.3 MPH) (infield hit) Joel Youngblood scores Heriberto Soltero to second
|
|
Batting: RHB Kelvin Moore
|
0-0: Ball 1-0: Called Strike 1-1: SINGLE (Groundball, 56D, EV 95.0 MPH) Heriberto Soltero to third Tom Dunbar to second Runner from 3rd tries for Home, SAFE, throw by LF to home
|
|
Batting: LHB Jeffrey Zitek
|
0-0: Called Strike 0-1: Swinging Strike 0-2: Fly out, F7 (Flyball, 7D, EV 90.0 MPH)
|
| Top of the 7th over - 2 runs, 3 hits, 1 error, 2 left on base; San Diego 8 - Pittsburgh 3 |
| BOTTOM OF THE 7TH |
|
Pittsburgh Pirates batting - Pitching for San Diego Padres : RHP Tony Archuleta
|
|
Batting: RHB Frank Hunsaker
|
0-0: Called Strike 0-1: Ball 1-1: Called Strike 1-2: Ball 2-2: Strikes out swinging
|
|
Pinch Hitting: RHB William Max
|
0-0: Ball 1-0: Foul Ball, location: 2F 1-1: Foul Ball, location: 2F 1-2: Ball 2-2: Fly out, F9 (Flyball, 9LS, EV 92.5 MPH)
|
|
Batting: RHB Dan Gladden
|
0-0: Ground out 3-1 (Groundball, 34, EV 82.5 MPH)
|
| Bottom of the 7th over - 0 runs, 0 hits, 0 errors, 0 left on base; San Diego 8 - Pittsburgh 3 |
| TOP OF THE 8TH |
|
San Diego Padres batting - Pitching for Pittsburgh Pirates : RHP Timnothy Milner
|
|
Pitching: RHP Scott Lyman
|
|
|
Batting: LHB Tony Archuleta
|
0-0: Ball 1-0: Swinging Strike 1-1: Fly out, F3 (Line Drive, 3, EV 70.6 MPH)
|
|
Batting: RHB Dennis Dungy
|
0-0: Fly out, F7 (Flyball, 7S, EV 85.0 MPH)
|
|
Batting: RHB Bob Dernier
|
0-0: Ball 1-0: Ball 2-0: Called Strike 2-1: Ground out 4-3 (Groundball, 4, EV 93.1 MPH)
|
| Top of the 8th over - 0 runs, 0 hits, 0 errors, 0 left on base; San Diego 8 - Pittsburgh 3 |
| BOTTOM OF THE 8TH |
|
Pittsburgh Pirates batting - Pitching for San Diego Padres : RHP Tony Archuleta
|
|
Batting: LHB Terry Whitfield
|
0-0: Called Strike 0-1: Foul Ball, location: 2F 0-2: Ball 1-2: Single, Error in OF, E9, batter to second base (Line Drive, 3L, EV 109.4 MPH)
|
|
Batting: RHB Rennie Stennett
|
0-0: Ball 1-0: Ball 2-0: Called Strike 2-1: Foul Ball, location: 2F 2-2: Ground out 6-3 (Groundball, 6, EV 101.9 MPH)
|
|
Batting: LHB Robert Lopez
|
0-0: Called Strike 0-1: Ball 1-1: Fly out, F9 (Flyball, 9LD, EV 85.0 MPH) Runner from 2nd tags up, SAFE at 3rd, no throw by RF
|
|
Batting: LHB Greg Walker
|
0-0: Ball 1-0: Fly out, F7 (Flyball, 7D, EV 102.5 MPH)
|
| Bottom of the 8th over - 0 runs, 1 hit, 1 error, 1 left on base; San Diego 8 - Pittsburgh 3 |
| TOP OF THE 9TH |
|
San Diego Padres batting - Pitching for Pittsburgh Pirates : RHP Scott Lyman
|
|
Batting: RHB Joel Youngblood
|
0-0: Ball 1-0: Ground out 4-3 (Groundball, 4, EV 101.9 MPH)
|
|
Batting: RHB Eddy Martinez
|
0-0: Called Strike 0-1: Swinging Strike 0-2: Foul Ball, location: 2F 0-2: Fly out, F8 (Flyball, 8RS, EV 88.8 MPH)
|
|
Batting: RHB Heriberto Soltero
|
0-0: Ground out 6-3 (Groundball, 6, EV 89.4 MPH)
|
| Top of the 9th over - 0 runs, 0 hits, 0 errors, 0 left on base; San Diego 8 - Pittsburgh 3 |
| BOTTOM OF THE 9TH |
|
Pittsburgh Pirates batting - Pitching for San Diego Padres : RHP Tony Archuleta
|
|
Batting: SHB John Shelby
|
0-0: Ball 1-0: Foul Ball, location: 2F 1-1: Ball 2-1: Fly out, F7 (Line Drive, 7D, EV 105.6 MPH)
|
|
Batting: SHB Ron Oester
|
0-0: Ball 1-0: Ball 2-0: Foul Ball, location: 2F 2-1: Ball 3-1: Base on Balls
|
|
Pitching: LHP Jack W O'Connor
|
|
|
Batting: RHB Frank Hunsaker
|
0-0: Called Strike 0-1: Ball 1-1: Swinging Strike 1-2: Reached on error, E6 (Groundball, 6, EV 103.8 MPH) Ron Oester to second
|
|
Pinch Hitting: RHB Mike C Brown
|
0-0: Ball 1-0: Ball 2-0: Called Strike 2-1: Fly out, F8 (Line Drive, 8RM, EV 92.5 MPH)
|
|
Batting: RHB Dan Gladden
|
0-0: Ball 1-0: Called Strike 1-1: Called Strike 1-2: Fly out, F8 (Line Drive, 8RM, EV 89.4 MPH)
|
| Bottom of the 9th over - 0 runs, 0 hits, 1 error, 2 left on base; San Diego 8 - Pittsburgh 3 |
|